 Dungeon Crawl Stone Soup version 0.31-a0-321-g19405a7a6a (webtiles) character file.

Game seed: 8921106867626971947

68057 lmSkywalker the Grappler (level 14, -3/125 HPs)
             Began as a Pale Draconian Shapeshifter on July 15, 2023.
             Was a High Priest of Wu Jian.
             Slain by a demonic crawler (11 damage)
             ... on level 3 of the Lair of Beasts on July 17, 2023.
             The game lasted 02:15:53 (26782 turns).

lmSkywalker the Grappler (DrSh)                    Turns: 26782, Time: 02:15:54

Health: -3/125     AC: 13    Str: 19    XL:     14   Next: 85%
Magic:  14/14      EV: 21    Int:  9    God:    Wu Jian [*****.]
Gold:   2805       SH:  8    Dex: 19    Spells: 13/13 levels left

rFire   + .          .
                       - Unarmed
rCold   + . .        w - +2 buckler {rF+}
rNeg    . . .        (body armour unavailable)
rPois   +            s - +0 hat
rElec   .            e - +2 cloak {rPois}
rCorr   .            f - +0 pair of gloves
SInv    +            E - +0 pair of boots
Will    +....        (no amulet)
Stlth   ++++         F - ring of Scepticism {rC+ Dex+4 SInv}
HPRegen 0.40/turn    D - +5 ring of evasion
MPRegen 0.14/turn

%: no passive effects
@: maw-form, hasted, studying Necromancy, very quick
A: devouring maw, breathe steam, AC +8, unfitting armour, cold-blooded, steam
resistance
a: Breathe Steam, Begin Untransformation, Renounce Religion, Wall Jump,
Serpent's Lash, Heavenly Storm


You were on level 3 of the Lair of Beasts.
You worshipped Wu Jian.
Wu Jian was extremely pleased with you.
You were a creature with a mouth for a stomach.
You visited 4 branches of the dungeon, and saw 18 of its levels.
You also visited: Bailey and Volcano.

You collected 2895 gold pieces.
You spent 90 gold pieces at shops.

Inventory:

Missiles
 h - 15 throwing nets
 m - 3 datura-tipped darts
 J - 22 poisoned darts
 L - 6 javelins
Armour
 e - a +2 cloak of poison resistance (worn)
 f - a +0 pair of gloves (worn)
 s - a +0 hat (worn)
 w - a +2 buckler of fire resistance (worn)
 E - a +0 pair of boots (worn)
Jewellery
 i - a ring of resist corrosion
 y - a ring of protection from fire
 D - a +5 ring of evasion (right hand)
 F - the ring of Scepticism (left hand) {rC+ Dex+4 SInv}
   (You took it off a gnoll on level 6 of the Dungeon)

   [ring of see invisible]

   Dex:       It affects your dexterity (+4).
   rC:        It protects you from cold.
   SInv:      It lets you see invisible.
 S - a ring of flight
 U - an amulet of faith
Talismans
 C - a maw talisman
Wands
 b - a wand of light (12)
 t - a wand of roots (6)
 A - a wand of mindburst (31)
 N - a wand of flame (4) (quivered)
 Q - a wand of paralysis (8)
 R - a wand of polymorph (8)
Scrolls
 c - 3 scrolls of poison
 d - 3 scrolls of vulnerability
 k - a scroll of immolation
 l - 4 scrolls of enchant armour
 o - 5 scrolls of teleportation
 q - a scroll of fear {unknown}
 x - 3 scrolls of amnesia
 z - 2 scrolls of enchant weapon
 H - 3 scrolls of fog
 O - a scroll of torment {unknown}
 V - a scroll of revelation
 W - a scroll of blinking {unknown}
Potions
 a - a potion of lignification
 g - 2 potions of resistance
 j - 3 potions of attraction
 n - 3 potions of berserk rage
 p - 4 potions of curing
 r - a potion of degeneration {unknown}
 u - 3 potions of might
 v - a potion of invisibility
 B - a potion of haste
 G - 3 potions of ambrosia
 I - 3 potions of enlightenment
 K - 3 potions of mutation
 M - 2 potions of cancellation
 T - 2 potions of brilliance {unknown}


   Skills:
 + Level 11.7 Fighting
 + Level 7.5 Dodging
 + Level 9.2 Stealth
 + Level 7.0 Shields
 * Level 14.9 Unarmed Combat
 - Level 6.8 Evocations
 * Level 11.2 Shapeshifting


You had 13 spell levels left.
You didn't know any spells.
Your spell library contained the following spells:

 Spells                   Type           Power      Damage    Failure   Level
 Freeze                   Ice            0%         1d3       43%         1
 Magic Dart               Conj           0%         1d3       43%         1
 Necrotise                Necr           0%         1d4       43%         1
 Sandblast                Erth           0%         2d4       43%         1
 Cigotuvi's Dreadful Rot  Necr/Pois/Air  0%         N/A       58%         2
 Passwall                 Tmut/Erth      0%         N/A       58%         2
 Scorch                   Fire           0%         2d5       58%         2
 Searing Ray              Conj           0%         2d4       58%         2
 Sublimation of Blood     Necr           0%         N/A       58%         2
 Frozen Ramparts          Ice            0%         1d1       82%         3
 Gell's Gravitas          Tloc           0%         N/A       82%         3
 Hailstorm                Conj/Ice       0%         3d3       82%         3
 Ignite Poison            Fire/Tmut/Pois 0%         N/A       82%         3
 Stone Arrow              Conj/Erth      0%         3d7       82%         3
 Summon Guardian Golem    Hex/Summ       0%         N/A       82%         3
 Teleport Other           Tloc           0%         N/A       82%         3
 Vampiric Draining        Necr           0%         2d6       82%         3
 Anguish                  Hex/Necr       0%         N/A       99%         4
 Cause Fear               Hex            0%         N/A       99%         4
 Flame Wave               Conj/Fire      0%         2d4       99%         4
 Fulminant Prism          Conj/Hex       0%         3d5       99%         4
 Manifold Assault         Tloc           0%         N/A       99%         4
 Petrify                  Tmut/Erth      0%         N/A       99%         4
 Agony                    Necr           0%         N/A       100%        5
 Freezing Cloud           Conj/Ice/Air   0%         6-21      100%        5
 Irradiate                Conj/Tmut      0%         3d11      100%        5
 Summon Forest            Summ/Tloc      0%         N/A       100%        5
 Dispersal                Tloc           0%         N/A       100%        6
 Eringya's Noxious Bog    Tmut/Pois      0%         4d6       100%        6
 Summon Cactus Giant      Summ           0%         N/A       100%        6
 Enfeeble                 Hex            0%         N/A       100%        7
 Orb of Destruction       Conj           0%         9d5       100%        7
 Spellforged Servitor     Conj/Summ      0%         N/A       100%        7
 Summon Hydra             Summ           0%         N/A       100%        7
 Disjunction              Tloc           0%         N/A       100%        8


Dungeon Overview and Level Annotations

Branches:
Dungeon (11/15)            Temple (1/1) D:6            Lair (5/5) D:8
 Shoals (0/4) Lair:3       Spider (1/4) Lair:3        Slime (0/5) Lair:4
 Bailey (visited)         Volcano (visited)
    Orc: D:9-12

Altars:
Ashenzari
Cheibriados
Dithmenos
Elyvilon
Fedhas
Gozag
Hepliaklqana
Kikubaaqudgha
Makhleb
Nemelex Xobeh
Okawaru
Qazlal
Ru
Sif Muna
Trog
Uskayaw
Vehumet
Wu Jian
Xom
Yredelemnul
Zin
The Shining One
Jiyva

Annotations:
Lair:1 2 transporters, SomaCruz13's ghost, journeyman DrSh
Lair:4 1 runed translucent door


Innate Abilities, Weirdness & Mutations

You are a creature with a mouth for a stomach.
Your midsection houses a second, enormous mouth.
You can breathe blasts of scalding, opaque steam.
Your pale cyan-grey scales are hard. (AC +8)
You cannot fit into any form of body armour.
You are cold-blooded and may be slowed by cold attacks.
You are immune to the effects of steam.


Message History

The demonic crawler misses you.
The demonic crawler hits you but does no damage.
The demonic crawler closely misses you. The demonic crawler barely misses you.
The demonic crawler misses you. The demonic crawler closely misses you.
The demonic crawler hits you!
* * * LOW HITPOINT WARNING * * *
The demonic crawler barely misses you. The demonic crawler closely misses you.
The demonic crawler misses you.
The demonic crawler completely misses you.
The demonic crawler closely misses you.
The demonic crawler completely misses you.
The demonic crawler misses you. The demonic crawler hits you!
* * * LOW HITPOINT WARNING * * *
You climb upwards.
Welcome back to the Lair of Beasts!
You feel yourself speed up.
There is a hole to the Spider Nest here.
Okay, then.
Okay, then.
Okay, then.
Press: ? - help, v - describe, . - travel
Here: a demonic crawler The floor.
Unknown command.
You feel much better. The demonic crawler hits you!
* * * LOW HITPOINT WARNING * * *
The demonic crawler completely misses you.
You block the demonic crawler's attack.
The demonic crawler hits you but does no damage.
You block the demonic crawler's attack.
The demonic crawler completely misses you.
The demonic crawler closely misses you.
The demonic crawler completely misses you.
The demonic crawler hits you.
* * * LOW HITPOINT WARNING * * *
You block the demonic crawler's attack. x2; The demonic crawler hits you.
* * * LOW HITPOINT WARNING * * *
Okay, then.
You feel yourself speed up. The demonic crawler barely misses you.
The demonic crawler hits you!
You die...

...##................##.........#
.....................#...........
....................##.#.........
...............###..##...........
..##.........##.#.##.##>.........
.####.......#...#...###<.........
.# #.......#..###..#.#..........
## #......#..#.ss#..#...........
# #......#.###Ws#.##...........
######.....#..#..s#..#...........
.#.#.#......#..###..#.#..........
....#......##.......#............
.............#######.###.......#.
............##.......###......###
.....................##..#.P.## #
.......................####### #
......................P#


You could see 4 demonic crawlers.

Vanquished Creatures
  A dire elephant (Lair:5)
  A fire dragon (Volcano)
  5 hydras
  Erolcha (D:9)
  An ice dragon (Lair:5)
  2 two-headed ogres
  A hell hog (Volcano)
  15 death yaks
  A demonic crawler (Spider:1)
  2 skysharks
  A swamp dragon (Lair:5)
  5 lindwurms (Lair:5)
  A moth of wrath (Spider:1)
  31 elephants
  11 black mambas
  A rust devil (D:9)
  7 torpor snails
  24 cane toads
  6 komodo dragons
  4 rime drakes
  A red devil (D:9)
  A meliai (Lair:2)
  A hellwing (D:9)
  3 tyrant leeches (Lair:5)
  6 hornets (Lair:5)
  Grinder (D:3)
  A polar bear (Lair:4)
  6 dream sheep
  9 blink frogs
  Sigmund (D:2)
  24 yaks
  6 basilisks
  5 fire bats (Volcano)
  2 wraiths
  Grum (Bailey)
  5 steam dragons
  3 wyverns
  An acid dragon (D:10)
  13 water moccasins
  A hell hound (Volcano)
  An ice beast (D:8)
  3 orc warriors
  5 sky beasts
  3 ogres
  4 black bears
  15 wolves
  10 centaurs
  A phantom (D:5)
  3 kobold brigands
  12 bullfrogs
  11 gnoll sergeants
  3 scorpions
  9 wights
  5 killer bees
  3 howler monkeys
  6 hounds
  7 jellies
  6 orc priests
  A sleepcap (D:6)
  6 gnoll boudas
  8 orc wizards
  Jessica (D:2)
  5 iguanas
  51 gnolls
  7 adders
  A shadow imp (D:6)
  3 white imps
  An ufetubus (D:5)
  A worm (D:2)
  2 dart slugs (D:2)
  38 orcs
  4 ball pythons
  3 bats
  4 endoplasms
  8 goblins
  6 hobgoblins
  3 jackals (D:1)
  2 quokkas
  3 frilled lizards
  18 kobolds
  5 rats
  A butterfly (Lair:4)
501 creatures vanquished.

Notes
Turn   | Place    | Note
-------+----------+-------------------------------------------
     0 | D:1      | lmSkywalker the Draconian Shapeshifter began the quest for
                  | the Orb.
     0 | D:1      | Reached XP level 1. HP: 17/17 MP: 1/1
   321 | D:1      | Reached XP level 2. HP: 24/24 MP: 2/2
  1053 | D:2      | Noticed Sigmund
  1069 | D:2      | Noticed Jessica
  1071 | D:2      | Killed Jessica
  1072 | D:2      | Reached skill level 3 in Unarmed Combat
  1072 | D:2      | Reached XP level 3. HP: 29/29 MP: 3/3
  1080 | D:2      | Found a radiant altar of Vehumet.
  1620 | D:2      | Reached XP level 4. HP: 36/36 MP: 4/4
  1998 | D:3      | Noticed Grinder
  2089 | D:3      | Reached XP level 5. HP: 23/41 MP: 5/5
  2326 | D:3      | Reached skill level 4 in Unarmed Combat
  2549 | D:3      | Found a faded altar of an unknown god.
  2752 | D:3      | Paralysed by Grinder for 4 turns
  2769 | D:3      | Paralysed by Grinder for 2 turns
  2779 | D:3      | Killed Grinder
  2780 | D:3      | Reached XP level 6. HP: 48/48 MP: 6/6
  3189 | D:4      | Found a radiant altar of Vehumet.
  3287 | D:4      | Reached skill level 5 in Unarmed Combat
  3287 | D:4      | Your scales start taking on a pale cyan-grey colour.
  3287 | D:4      | Reached XP level 7. HP: 30/55 MP: 7/7
  3287 | D:4      | Gained mutation: You are immune to the effects of steam.
                  | [Pale Draconian growth]
  3392 | D:4      | Noticed a two-headed ogre
  3426 | D:4      | Reached skill level 5 in Shapeshifting
  3525 | D:4      | Killed a two-headed ogre
  3526 | D:4      | Reached skill level 6 in Unarmed Combat
  3526 | D:4      | Reached XP level 8. HP: 24/61 MP: 8/8
  4321 | D:5      | Entered Level 5 of the Dungeon
  4614 | D:5      | Reached skill level 7 in Unarmed Combat
  4707 | D:5      | Found a hide-covered altar of Uskayaw.
  5119 | D:5      | Found a bloodstained altar of Trog.
  5611 | D:6      | Reached XP level 9. HP: 67/67 MP: 9/9
  5616 | D:6      | Found an ornate altar of the Wu Jian Council.
  5642 | D:6      | Became a worshipper of the Wu Jian Council
  5718 | D:6      | Found a broken altar of Ashenzari.
  5772 | D:6      | Identified the ring of Scepticism {rC+ Dex+4 SInv}
  5776 | D:6      | Found a staircase to the Ecumenical Temple.
  5797 | D:6      | Reached skill level 8 in Unarmed Combat
  6072 | D:6      | Reached * piety under Wu Jian
  6708 | D:7      | Reached skill level 9 in Unarmed Combat
  7655 | D:8      | Found Zin's Purification Station.
  7672 | D:8      | Reached XP level 10. HP: 72/73 MP: 10/10
  7708 | D:8      | Reached skill level 10 in Unarmed Combat
  7868 | D:8      | Reached ** piety under Wu Jian
  8106 | D:8      | Found a glowing golden altar of the Shining One.
  8156 | D:8      | Found a staircase to the Lair.
  8196 | D:8      | Found a glowing silver altar of Zin.
  8201 | D:8      | Bought a potion of curing for 90 gold pieces
  8467 | D:9      | Noticed a two-headed ogre
  8678 | D:9      | Noticed a smoke demon
  8682 | D:9      | Noticed a rust devil
  8833 | D:9      | Noticed Erolcha
  9077 | D:9      | Reached *** piety under Wu Jian
  9504 | D:10     | Entered Level 10 of the Dungeon
  9940 | D:10     | Found a flagged portal.
  9953 | Bailey   | Entered a bailey
 10193 | Bailey   | Reached skill level 5 in Fighting
 10193 | Bailey   | Reached skill level 5 in Stealth
 10228 | Bailey   | Reached skill level 11 in Unarmed Combat
 10417 | Bailey   | Reached **** piety under Wu Jian
 11555 | Bailey   | Noticed Grum
 11576 | Bailey   | Reached XP level 11. HP: 79/88 MP: 11/11
 11658 | Bailey   | Identified the +5 morningstar of Wu Jian's Fury {heavy,
                  | *Rage rPois rF+ Str+3}
 11669 | Bailey   | Killed Grum
 12272 | D:9      | Killed a two-headed ogre
 12684 | D:11     | Noticed a centaur warrior
 12684 | D:11     | Noticed a deep elf pyromancer
 12684 | D:11     | Noticed a death knight
 12685 | D:11     | Noticed a centaur warrior
 12685 | D:11     | Noticed an orc knight
 12824 | D:9      | Killed Erolcha
 13514 | D:2      | Found a radiant altar of Vehumet.
 14000 | D:2      | Killed Sigmund
 14121 | Temple   | Entered the Ecumenical Temple
 14344 | D:9      | Upgraded the game from 0.31-a0-277-g31ea1f65cc to
                  | 0.31-a0-303-gdc8c9485ea
 14382 | Lair:1   | Entered Level 1 of the Lair of Beasts
 15205 | Lair:1   | Reached skill level 5 in Dodging
 15261 | Lair:1   | Found a transporter.
 15276 | Lair:1   | Noticed SomaCruz13's ghost (journeyman DrSh)
 15278 | Lair:1   | Noticed a six-headed hydra
 15288 | Lair:1   | Noticed a death yak
 15322 | Lair:1   | Reached skill level 12 in Unarmed Combat
 15598 | Lair:1   | Found a transporter.
 15968 | Lair:2   | Reached XP level 12. HP: 96/100 MP: 12/12
 16007 | Lair:2   | Reached skill level 1 in Evocations
 16411 | Lair:1   | Identified a scroll of acquirement
 16411 | Lair:1   | Acquired a manual of Necromancy
 17100 | Lair:3   | Found a hole to the Spider Nest.
 17359 | Lair:3   | Found a staircase to the Shoals.
 17463 | Lair:3   | Found a dark tunnel.
 17488 | Volcano  | Entered a volcano
 17510 | Volcano  | Noticed a fire dragon
 17529 | Volcano  | Killed a fire dragon
 17644 | Volcano  | Noticed a hell hog
 17657 | Volcano  | Killed a hell hog
 17781 | Lair:3   | Reached skill level 1 in Shields
 17788 | Lair:3   | Reached ***** piety under Wu Jian
 17829 | Lair:3   | Reached skill level 5 in Evocations
 18061 | Lair:3   | Noticed a seven-headed hydra
 18073 | Lair:3   | Killed a seven-headed hydra
 18074 | Lair:3   | Reached XP level 13. HP: 74/111 MP: 13/13
 18287 | Lair:3   | Reached skill level 13 in Unarmed Combat
 19289 | Lair:4   | Found a white marble altar of Elyvilon.
 19957 | Lair:4   | Reached skill level 10 in Fighting
 20573 | Lair:4   | Reached skill level 5 in Shields
 20786 | Lair:4   | Found a staircase to the Slime Pits.
 20788 | Lair:4   | Found a viscous altar of Jiyva.
 20844 | Lair:4   | Reached skill level 10 in Shapeshifting
 21610 | Lair:4   | Found a runed translucent door.
 21748 | Lair:4   | Reached skill level 14 in Unarmed Combat
 22052 | Lair:4   | Noticed a dire elephant
 22052 | Lair:4   | Found the amulet of the Air {Inacc Air Fly rElec RMsl}
 22323 | Lair:5   | Entered Level 5 of the Lair of Beasts
 22331 | Lair:4   | Reached XP level 14. HP: 105/124 MP: 14/14
 23437 | Lair:5   | Reached ****** piety under Wu Jian
 23564 | Lair:5   | Found a runed translucent door.
 24485 | Lair:5   | Upgraded the game from 0.31-a0-303-gdc8c9485ea to
                  | 0.31-a0-321-g19405a7a6a
 26690 | Spider:1 | Entered Level 1 of the Spider Nest
 26782 | Lair:3   | Slain by a demonic crawler

Illustrated notes

Levels and vault maps discovered:
D:1:      erik_arrival_cave_to_civilisation [erik_arrival_cave_to_hall],
          layout_basic
D:2:      layout_basic, basic_altar, uniq_sigmund, uniq_jessica
D:3:      layout_loops_ring, shapermc_ecumenical_altar_hornbeckon,
          kennysheep_orc_chapel, uniq_grinder
D:4:      layout_basic, vehumet_crystals, chequers_mini_garden, nrook_uturn,
          minmay_ruptured
D:5:      layout_basic, trog_book, mainiacjoe_overflow_chevrons,
          nicolae_sextant, glass_columns_a
D:6:      layout_basic, mainiacjoe_overflow_cross_hatched,
          mainiacjoe_overflow_concentric_impassable, temple_fountains
D:7:      layout_basic
D:8:      layout_basic, mainiacjoe_overflow_six_doors_small, zin_purify,
          grunt_lair_entry_orc_guard_hut, patterned_corridor
D:9:      layout_basic, nicolae_where_there's_smoke, uniq_erolcha
D:10:     layout_roguey, enter_bailey_5
D:11:     minmay_ambush_box, layout_cave_pools, special_room [special_room_orc],
          serial_shops, nicolae_shop_stone, uniq_snorg
Temple:   regret_index_temple_waves
Lair:1:   layout_concentric_octagons, gammafunk_ghost_berserking_beasts,
          chequers_serial_rivers_micro_c, minivault_19
Lair:2:   layout_cellular_growth
Lair:3:   layout_cave_pods, minmay_shoals_entry_centaurs,
          hellmonk_spider_entry_not_the_bees, lightli_volcano_entry_magma_tube,
          beast_lair_carwin_1
Lair:4:   gammafunk_lair_enchanted_lake, layout_layer_cave,
          nicolae_slime_entry_slimehenge, basic_altar, serial_rivers,
          chequers_serial_rivers_micro_d, chequers_serial_rivers_large_a,
          chequers_serial_rivers_room_b, chequers_serial_rivers_small_b,
          chequers_serial_rivers_micro_b, chequers_serial_rivers_marsh,
          lemuel_fruit_fields
Lair:5:   hangedman_lair_in_review, layout_regular_city, wormcave,
          hibernation_bobbens
Spider:1: nicolae_spider_mines_1, worms_lemuel, uniq_louise

Skill      XL: |  1  2  3  4  5  6  7  8  9 10 11 12 13 14 |
---------------+-------------------------------------------+-----
Unarmed Combat | 3 4 5 6 7 9 11 12 14 | 14.9
Shapeshifting  | 4 5 7 8 9 10 11 | 11.2
Stealth        | 2 4 5 7 8 9 |  9.2
Fighting       | 5 7 9 11 | 11.7
Dodging        | 3 5 6 7 |  7.5
Evocations     | 5 6 |  6.8
Shields        | 2 5 7 |  7.0

Action                     |  1- 3 |  4- 6 |  7- 9 | 10-12 | 13-15 || total
---------------------------+-------+-------+-------+-------+-------++-------
  Melee: Unarmed           |    64 |    79 |    42 |   540 |   647 ||  1372
         Tailslap          |    10 |    10 |    20 |    81 |   113 ||   234
         Punch             |       |     3 |     5 |    42 |     8 ||    58
         Demon blade       |       |       |    92 |       |       ||    92
         Maw               |       |       |       |   200 |   234 ||   434
  Throw: Dart              |     1 |       |       |     5 |       ||     6
Ability: Breathe Steam     |       |       |    37 |    81 |    71 ||   189
         Lunge             |       |       |     8 |    55 |    34 ||    97
         Whirlwind         |       |       |       |    21 |    92 ||   113
         Wall Jump         |       |       |       |       |     7 ||     7
  Evoke: Wand              |       |       |       |     1 |    15 ||    16
    Use: Potion            |       |     1 |       |     5 |     3 ||     9
         Scroll            |       |       |       |    23 |     3 ||    26
   Stab: Sleeping          |     1 |     2 |     4 |     8 |     4 ||    19
         Distracted        |       |       |     1 |     4 |     3 ||     8
 Armour: Skin              |    12 |    22 |    43 |   102 |   118 ||   297
  Dodge: Dodged            |    38 |    24 |    91 |   436 |   413 ||  1002
  Block: Buckler           |       |       |       |       |   147 ||   147
   Form: Maw               |       |       |       |     1 |       ||     1

Table legend: (Time is in decaauts)
 A = Elapsed time spent in this place.
 B = Non-inter-level travel time spent in this place.
 C = Inter-level travel time spent in this place.
 D = Time resting spent in this place.
 E = Time spent auto-exploring this place.
 F = Levels seen in this place.
 G = Mean time per level.
                   A        B        C        D        E       F      G
               +--------+--------+--------+--------+--------+-----+--------+
         Total |  26743 |  25221 |   1522 |   7305 |   7537 |  20 | 1337.2 |
       Dungeon |  12357 |  11493 |    864 |   1416 |   5265 |  11 | 1123.4 |
        Temple |    147 |     75 |     72 |      0 |     60 |   1 |  147.0 |
          Lair |  12062 |  11478 |    584 |   4574 |   2092 |   5 | 2412.4 |
   Spider Nest |    107 |    107 |      0 |     55 |      0 |   1 |  107.0 |
        Bailey |   1867 |   1867 |      0 |   1229 |    108 |   1 | 1867.0 |
       Volcano |    200 |    200 |      0 |     29 |     12 |   1 |  200.0 |
               +--------+--------+--------+--------+--------+-----+--------+

Top non-repeatable levels by time:
  Lair:5: 4244 daAuts
  Lair:4: 3344 daAuts
     D:2: 2138 daAuts
  Bailey: 1867 daAuts
  Lair:3: 1580 daAuts
  Lair:2: 1520 daAuts
     D:7: 1383 daAuts
  Lair:1: 1372 daAuts
     D:8: 1272 daAuts
     D:9: 1245 daAuts
     D:4: 1232 daAuts
     D:3: 1181 daAuts
     D:6: 1092 daAuts
     D:5: 1012 daAuts
     D:1: 902 daAuts
